 Dungeon Crawl Stone Soup version 0.31-a0-771-g505c3d19dc (webtiles) character file.

Game seed: 7701013120089221042

4494 DocEon the Mimic (level 10, 0/81 HPs)
             Began as a Black Draconian Shapeshifter on Sept 16, 2023.
             Was a Priest of Elyvilon.
             Slain by a killer bee (3 damage)
             ... on level 9 of the Dungeon.
             The game lasted 00:21:37 (11085 turns).

DocEon the Mimic (Black Draconian Shapeshifter)    Turns: 11085, Time: 00:21:37

Health: 0/81       AC:  8    Str: 18    XL:     10   Next: 16%
Magic:  10/14      EV: 13    Int: 12    God:    Elyvilon [***...]
Gold:   174        SH:  0    Dex: 12    Spells: 3/15 levels left

rFire   + +          .
                       - Unarmed
rCold   + . .        (shield currently unavailable)
rNeg    . . .        (body armour unavailable)
rPois   .            (helmet restricted)
rElec   +            w - scarf {repulsion}
rCorr   .            (no gloves)
SInv    .            d - +0 pair of boots "Deiquat" {rF++ rC+}
Will    .....        (no amulet)
Stlth   +            x - ring of flight
HPRegen 0.33/turn    (no ring)
MPRegen 0.14/turn

%: repel missiles
@: flux-form, flying, slowed, glowing, very slow
A: glow, contaminating, breathe lightning, AC +7, unfitting armour, electricity
resistance, cold-blooded
a: Breathe Lightning, Begin Untransformation, Renounce Religion, Purification,
Heal Other, Heal Self


You were on level 9 of the Dungeon.
You worshipped Elyvilon.
Elyvilon was most pleased with you.
You were something dangerously unstable.
You visited 2 branches of the dungeon, and saw 10 of its levels.
You also visited: Sewer.

You collected 454 gold pieces.
You spent 280 gold pieces at shops.

Inventory:

Missiles
 k - a throwing net
Armour
 d - the +0 pair of boots "Deiquat" (worn) {rF++ rC+}
   (You bought it in a shop on level 6 of the Dungeon)

   rF++:      It greatly protects you from fire.
   rC+:       It protects you from cold.
 f - a +0 cloak
 w - a scarf of repulsion (worn)
Jewellery
 x - a ring of flight (left hand)
Talismans
 b - a beast talisman
 c - a flux talisman (active)
 i - a blade talisman
Wands
 a - a wand of flame (13)
 e - a wand of charming (6)
 g - a wand of digging (5)
 z - a wand of polymorph (7)
Scrolls
 m - a scroll of enchant weapon
 r - 2 scrolls of immolation
 t - a scroll of poison
 v - 2 scrolls of fog
 A - a scroll of amnesia
Potions
 h - 2 potions of invisibility
 j - 2 potions of berserk rage
 n - a potion of attraction
 o - a potion of curing
 p - 2 potions of might
 q - a potion of magic {unknown}
 s - a potion of enlightenment {unknown}
 u - 3 potions of haste


   Skills:
 + Level 5.2 Fighting
 + Level 4.6 Dodging
 * Level 7.4 Unarmed Combat
 - Level 3.0 Spellcasting
 - Level 5.0 Air Magic
 - Level 5.0 Invocations
 + Level 8.6 Shapeshifting


You had 3 spell levels left.
You knew the following spells:

 Your Spells              Type           Power      Damage    Failure   Level
a - Swiftness             Air            13%        N/A       10%         3
b - Shock                 Conj/Air       28%        1d4       9%          1
c - Airstrike             Air            6%         2d(1-17)  30%         4
d - Vhi's Electric Charg  Tloc/Air       14%        N/A       65%         4

Your spell library contained the following spells:

 Spells                   Type           Power      Damage    Failure   Level
 Apportation              Tloc           2%         N/A       24%         1
 Necrotise                Necr           4%         1d4       24%         1
 Summon Small Mammal      Summ           4%         N/A       24%         1
 Blink                    Tloc           2%         N/A       36%         2
 Lesser Beckoning         Tloc           2%         N/A       36%         2
 Momentum Strike          Conj/Tloc      2%         3d8       36%         2
 Dazzling Flash           Conj/Hex       2%         N/A       58%         3
 Gell's Gravitas          Tloc           1%         N/A       58%         3
 Teleport Other           Tloc           1%         N/A       58%         3
 Volatile Blastmotes      Fire/Tloc      2%         2d10      58%         3
 Arcjolt                  Conj/Air       3%         1d13      94%         5
 Alistair's Intoxication  Tmut/Pois      0%         N/A       100%        5
 Borgnjor's Vile Clutch   Necr/Erth      0%         N/A       100%        5
 Eringya's Noxious Bog    Tmut/Pois      0%         4d6       100%        6
 Starburst                Conj/Fire      0%         6d3       100%        6
 Maxwell's Capacitive Co  Air            6%         ∞         100%        8


Dungeon Overview and Level Annotations

Branches:
Dungeon (8/15)             Temple (1/1) D:4           Sewer (visited)
   Lair: D:8-11

Altars:
Ashenzari
Cheibriados
Dithmenos
Elyvilon
Fedhas
Gozag
Hepliaklqana
Kikubaaqudgha
Makhleb
Nemelex Xobeh
Okawaru
Qazlal
Sif Muna
Trog
Uskayaw
Vehumet
Wu Jian
Xom
Yredelemnul
Zin
The Shining One

Shops:
D:4 :   D:6 [!   D:8 (


Innate Abilities, Weirdness & Mutations

You are something dangerously unstable.
You glow with magical radiation, making you easy to see and hit.
Foes you strike become dangerously contaminated with magical radiation.
You are incapable of wielding weapons or throwing items.
You can breathe wild blasts of lightning.
Your glossy black scales are hard. (AC +7)
You cannot fit into any form of body armour.
You are resistant to electric shocks. (rElec)
You are cold-blooded and may be slowed by cold attacks.


Message History

Aiming: Charm
Press: ? - help, Shift-Dir - straight line, f/p - killer bee
Aim: a killer bee (chance to affect: 57%)
The killer bee is charmed.
You feel sick. The killer bee barely misses you. The hornet barely misses you.
The killer bee misses you.
You feel sick. The killer bee misses your killer bee.
The killer bee stings your killer bee!
You feel sick. The hornet attacks as it pursues you!
The hornet closely misses you. The killer bee misses your killer bee.
The hornet stings you.
* * * LOW HITPOINT WARNING * * *
You suddenly lose the ability to move!
You can move again.
You feel better. The killer bee stings your killer bee!
Your killer bee dies!
The hornet stings you but does no damage.
You are healed.
The killer bee closely misses you.
The hornet stings you but does no damage.
The killer bee stings you but does no damage.
The hornet stings you!
* * * LOW HITPOINT WARNING * * *
You feel yourself slow down.
Okay, then.
Unknown command.
Press: ? - help, Dir - move target, f - hornet Heal: a hornet (chance to pacify: 70%)
The hornet turns neutral.
The killer bee barely misses you.
The hornet stings you but does no damage.
The killer bee closely misses you. The hornet stings you!
* * * LOW HITPOINT WARNING * * *
You feel as though you will be slow longer.
The killer bee stings you but does no damage.
The killer bee stings you but does no damage.
The killer bee barely misses you.
Found 15 gold pieces.
The killer bee attacks as it pursues you!
The killer bee barely misses you. The killer bee stings you!
* * * LOW HITPOINT WARNING * * *
The killer bee stings you.
You die...

########################
#.....y................#
#.......................
..#....py...............
####....................
$.#.....................
.....$...........#......
................###..)..
.................#......
.........###............
.........# #............
#............


You could see a killer bee and a neutral hornet (wandering).

Vanquished Creatures
  Maggie (D:7)
  A troll (D:6)
  Grinder (D:5)
  Prince Ribbit (D:5)
  A steam dragon (D:8)
  A water moccasin (D:6)
  An ice beast (D:6)
  2 sky beasts (D:7)
  2 ogres (D:6)
  A black bear (Temple)
  A centaur (D:8)
  A phantom (D:4)
  2 kobold brigands
  Blork the orc (D:5)
  4 bullfrogs
  A scorpion (D:4)
  5 wights
  6 killer bees
  A howler monkey (D:4)
  2 jellies
  3 hounds
  8 orc priests
  2 gnoll boudas
  3 iguanas
  Jessica (D:2)
  A sleepcap (D:8)
  Ijyb (D:3)
  11 orc wizards
  24 gnolls
  12 adders
  A river rat (D:5)
  3 white imps
  A worm (D:2)
  A dart slug (D:4)
  42 orcs
  12 ball pythons
  6 bats
  9 endoplasms
  12 giant cockroaches
  4 goblins
  5 hobgoblins
  9 jackals
  14 quokkas
  13 frilled lizards
  18 kobolds
  5 rats
  A spectral orc (D:6)
258 creatures vanquished.

Vanquished Creatures (others)
  A killer bee (D:9)
1 creature vanquished.

Grand Total: 259 creatures vanquished

Notes
Turn   | Place    | Note
-------+----------+-------------------------------------------
     0 | D:1      | DocEon the Draconian Shapeshifter began the quest for the
                  | Orb.
     0 | D:1      | Reached XP level 1. HP: 16/16 MP: 1/1
   248 | D:1      | Reached XP level 2. HP: 23/23 MP: 2/2
   954 | D:2      | Noticed Jessica
   959 | D:2      | Killed Jessica
   960 | D:2      | Reached skill level 4 in Shapeshifting
   960 | D:2      | Reached XP level 3. HP: 22/28 MP: 3/3
  1446 | D:3      | Reached XP level 4. HP: 24/35 MP: 4/4
  1451 | D:3      | Reached skill level 5 in Shapeshifting
  1535 | D:3      | Noticed Ijyb
  1551 | D:3      | Killed Ijyb
  1916 | D:3      | Reached XP level 5. HP: 40/40 MP: 5/5
  2515 | D:3      | Found a sparkling altar of Nemelex Xobeh.
  2665 | D:3      | Found a radiant altar of Vehumet.
  2865 | D:3      | Reached skill level 6 in Shapeshifting
  3095 | D:4      | Found a staircase to the Ecumenical Temple.
  3131 | Temple   | Entered the Ecumenical Temple
  3143 | Temple   | Became a worshipper of Elyvilon the Healer
  3202 | D:4      | Noticed a black bear
  3205 | D:4      | Reached XP level 6. HP: 21/47 MP: 6/6
  3671 | D:4      | Reached skill level 7 in Shapeshifting
  3855 | D:4      | Found a hide-covered altar of Uskayaw.
  3876 | D:4      | Found Dimyuq's Book Shop.
  3881 | D:4      | Your scales start taking on a glossy black colour.
  3881 | D:4      | Reached XP level 7. HP: 52/52 MP: 7/7
  3881 | D:4      | Gained mutation: You are resistant to electric shocks.
                  | (rElec) [Black Draconian growth]
  3887 | D:4      | Learned a level 3 spell: Swiftness
  4108 | D:4      | Reached * piety under Elyvilon
  4180 | D:4      | Reached skill level 1 in Air Magic
  4180 | D:4      | Reached skill level 1 in Invocations
  4483 | D:5      | Entered Level 5 of the Dungeon
  4527 | D:5      | Noticed Blork the orc
  4530 | D:5      | Noticed Prince Ribbit
  4537 | D:5      | Killed Blork the orc
  4548 | D:5      | Killed Prince Ribbit
  4549 | D:5      | Reached skill level 1 in Spellcasting
  4779 | D:5      | Found a glowing drain.
  4793 | D:5      | Learned a level 1 spell: Shock
  4798 | D:5      | Learned a level 4 spell: Airstrike
  4799 | Sewer    | Entered a sewer
  4939 | Sewer    | Reached XP level 8. HP: 61/61 MP: 1/10
  6125 | D:5      | Noticed Grinder
  6127 | D:5      | Paralysed by Grinder for 4 turns
  6145 | D:5      | Killed Grinder
  6173 | D:5      | Reached ** piety under Elyvilon
  6612 | D:6      | Found a basalt altar of Yredelemnul.
  6758 | D:6      | Found an iron altar of Okawaru.
  6761 | D:6      | Found a snail-covered altar of Cheibriados.
  6764 | D:6      | Found a glowing golden altar of the Shining One.
  6767 | D:6      | Found a shimmering altar of Xom.
  6925 | D:6      | Noticed a troll
  6949 | D:6      | HP: 2/54 [bullfrog (4)]
  6952 | D:6      | Reached skill level 5 in Unarmed Combat
  7293 | D:6      | Reached skill level 8 in Shapeshifting
  7443 | D:6      | Reached XP level 9. HP: 60/70 MP: 8/12
  7755 | D:6      | Found a broken altar of Ashenzari.
  7834 | D:6      | Found Tomyikog's Antique Armour Shoppe.
  7836 | D:6      | Found Faklo's Distillery.
  7842 | D:6      | Bought a pair of heavily runed boots for 190 gold pieces
  7842 | D:6      | Identified the +0 pair of boots "Deiquat" {rF++ rC+} (You
                  | bought it in a shop on level 6 of the Dungeon)
  7856 | D:6      | Bought a potion of heal wounds for 50 gold pieces
  7856 | D:6      | Bought a potion of might for 40 gold pieces
  7906 | D:6      | Reached *** piety under Elyvilon
  8038 | D:6      | Killed a troll
  8039 | D:6      | Reached skill level 5 in Invocations
  8200 | D:6      | Found the +18 Lear's hauberk
  8499 | D:7      | Noticed Maggie
  9321 | D:7      | Learned a level 4 spell: Vhi's Electric Charge
  9348 | D:7      | HP: 3/72 [killer bee (3)]
  9751 | D:7      | Killed Maggie
  9752 | D:7      | Reached skill level 5 in Air Magic
 10351 | D:8      | Reached XP level 10. HP: 56/80 MP: 14/14
 10569 | D:8      | Reached skill level 5 in Fighting
 10965 | D:8      | Found Rewneacw's Antique Weapon Emporium.
 11047 | D:8      | You are sucked into a shaft and drop 1 floor!
 11060 | D:9      | Paralysed by a hornet for 2 turns
 11063 | D:9      | HP: 4/81 [hornet (12)]
 11064 | D:9      | Elyvilon protects you from harm!
 11064 | D:9      | Elyvilon protects you from harm!
 11064 | D:9      | Elyvilon protects you from harm!
 11065 | D:9      | Reached **** piety under Elyvilon
 11080 | D:9      | HP: 4/81 [hornet (6)]
 11080 | D:9      | Paralysed by a hornet for 1 turns
 11085 | D:9      | HP: 3/81 [killer bee (7)]
 11085 | D:9      | Slain by a killer bee

Illustrated notes

Levels and vault maps discovered:
D:1:      zelgadis_glass_arrival_small, layout_basic
D:2:      layout_rooms, minmay_misc_feat_nine_boxes,
          chequers_serial_rivers_large_a, uniq_jessica
D:3:      layout_basic, mainiacjoe_overflow_tiny_flanked,
          mainiacjoe_overflow_boulevard, uniq_ijyb
D:4:      kennysheep_big_flooded_room, layout_loops_ring,
          nicolae_overflow_crystal_walls, minmay_temple_entry_gardened_gates,
          serial_shops, kennysheep_mini_moat
D:5:      cheibrodos_thug_alley, layout_cave_pools, gup_sewer_entry_spiral,
          uniq_grinder, uniq_blork_the_orc, uniq_prince_ribbit1
D:6:      layout_cave_pools, cheibrodos_ashenzari_chains,
          yredelemnul_forgotten_temple_becter, grunt_temple_overflow_cloverleaf,
          serial_shops, shop, nicolae_shop_window_shopping,
          nicolae_eternal_life, hangedman_glass_teeth,
          hellmonk_guarded_unrand_lears
D:7:      layout_cave_pods, uniq_maggie
D:8:      layout_loops_ring, serial_shops, nicolae_shop_waterfront, uniq_amaemon
D:9:      layout_big_octagon, mainiacjoe_overflow_chevrons,
          kennysheep_orc_monster_closet_entryway, uniq_psyche, uniq_erolcha
Temple:   hellmonk_temple_flake

Skill      XL: |  1  2  3  4  5  6  7  8  9 10 |
---------------+-------------------------------+-----
Shapeshifting  | 4 5 6 7 8 |  8.6
Air Magic      | 1 3 5 |  5.0
Invocations    | 2 4 5 |  5.0
Dodging        | 2 3 4 |  4.6
Fighting       | 2 3 4 5 |  5.2
Spellcasting   | 1 2 3 |  3.0
Unarmed Combat | 5 6 7 |  7.4

Action                     |  1- 3 |  4- 6 |  7- 9 | 10-12 || total
---------------------------+-------+-------+-------+-------++-------
  Melee: Unarmed           |    82 |   129 |   523 |    56 ||   790
         Punch             |     3 |     4 |       |       ||     7
         Tailslap          |     8 |    16 |    82 |     5 ||   111
   Cast: Shock             |       |       |   185 |     2 ||   187
         Swiftness         |       |       |     1 |       ||     1
 Invoke: Heal Self         |       |       |     3 |     2 ||     5
         Purification      |       |       |     1 |     1 ||     2
         Heal Other        |       |       |       |     1 ||     1
Ability: Breathe Lightning |       |       |    18 |     2 ||    20
         Begin Untransform |       |       |     1 |       ||     1
  Evoke: Wand              |       |       |     5 |     4 ||     9
    Use: Potion            |       |     1 |     6 |     2 ||     9
         Scroll            |       |    13 |     6 |     2 ||    21
   Stab: Sleeping          |     1 |     2 |       |       ||     3
 Armour: Skin              |    30 |   107 |   364 |   117 ||   618
  Dodge: Dodged            |    38 |    96 |   418 |    77 ||   629
         Repelled          |       |       |     2 |       ||     2
   Form: Flux              |       |       |     2 |       ||     2

Table legend: (Time is in decaauts)
 A = Elapsed time spent in this place.
 B = Non-inter-level travel time spent in this place.
 C = Inter-level travel time spent in this place.
 D = Time resting spent in this place.
 E = Time spent auto-exploring this place.
 F = Levels seen in this place.
 G = Mean time per level.
                   A        B        C        D        E       F      G
               +--------+--------+--------+--------+--------+-----+--------+
         Total |  11138 |  10813 |    325 |   3312 |   5282 |  11 | 1012.5 |
       Dungeon |   9889 |   9584 |    305 |   2890 |   4781 |   9 | 1098.8 |
        Temple |    239 |    219 |     20 |    196 |      0 |   1 |  239.0 |
         Sewer |   1009 |   1009 |      0 |    226 |    500 |   1 | 1009.0 |
               +--------+--------+--------+--------+--------+-----+--------+

Top non-repeatable levels by time:
     D:6: 1703 daAuts
     D:7: 1582 daAuts
     D:5: 1572 daAuts
     D:4: 1327 daAuts
     D:3: 1273 daAuts
   Sewer: 1009 daAuts
     D:2: 828 daAuts
     D:1: 813 daAuts
     D:8: 745 daAuts
  Temple: 239 daAuts
     D:9: 42 daAuts
